 Dungeon Crawl Stone Soup version 0.23-a0-356-g1757c6e (webtiles) character file.

217 Ghost621 the Ruffian (level 5, -2/44 HPs)
             Began as a Draconian Transmuter on Oct 21, 2018.
             Slain by a centaur skeleton (4 damage)
             ... on level 4 of the Dungeon.
             The game lasted 00:07:00 (3164 turns).

Ghost621 the Ruffian (Draconian Transmuter)         Turns: 3164, Time: 00:07:01

Health: -2/44      AC:  6    Str: 13    XL:     5   Next: 62%
Magic:  9/9        EV: 12    Int: 13    God:
Gold:   146        SH:  0    Dex: 12    Spells: 3/9 levels left

rFire    . . .     SeeInvis .     - Unarmed
rCold    . . .     Gourm    .   (no shield)
rNeg     . . .     Faith    .   (armour unavailable)
rPois    .         Spirit   .   (helmet restricted)
rElec    .         Reflect  .   (no cloak)
rCorr    .         Harm     .   (no gloves)
MR       .....                  i - +0 pair of boots
Stlth    +.........             (no amulet)
HPRegen  0.14/turn              (no ring)
MPRegen  0.11/turn              (no ring)

@: no status effects
A: unfitting armour, cold-blooded, AC +5
a: no special abilities


You were on level 4 of the Dungeon.
You were very hungry.

You visited 1 branch of the dungeon, and saw 4 of its levels.

You collected 146 gold pieces.

Inventory:

Missiles
 a - 69 arrows
 b - 84 stones (quivered)
Armour
 i - a +0 pair of boots (worn)
Jewellery
 j - an uncursed ring of fire {unknown}
 l - an uncursed amulet of the gourmand {unknown}
 q - a +1 ring of protection {unknown}
Wands
 o - a wand of acid (9)
 p - a wand of flame (24)
Scrolls
 d - 2 scrolls of fog {unknown}
 e - 3 scrolls of teleportation {unknown}
 g - 2 scrolls of identify {unknown}
 h - 3 scrolls of remove curse {unknown}
 k - a scroll of amnesia {unknown}
 n - 3 scrolls of immolation {unknown}
 s - a scroll of fear {unknown}
 w - a scroll of enchant weapon {unknown}
Potions
 f - 2 potions of curing {unknown}
 m - 3 potions of brilliance {unknown}
 r - a potion of heal wounds {unknown}
 t - 2 potions of ambrosia {unknown}
 u - a potion of haste {unknown}
 v - a potion of flight {unknown}
Comestibles
 c - 5 rations


   Skills:
 + Level 2.9 Fighting
 - Level 1.7 Dodging
 * Level 4.6 Unarmed Combat
 + Level 2.9 Spellcasting
 + Level 3.1 Transmutations


You had 3 spell levels left.
You knew the following spells:

 Your Spells              Type           Power        Failure   Level  Hunger
a - Beastly Appendage     Tmut           ##....       6%          1    #......
b - Sticks to Snakes      Tmut           ##......     10%         2    ###....
c - Spider Form           Tmut/Pois      #.........   36%         3    ###....

Your spell library contained the following spells:

 Spells                   Type           Power        Failure   Level  Hunger
 Ice Form                 Ice/Tmut       #.......     77%         4    #####..
 Blade Hands              Tmut           ##........   87%         5    ######.


Dungeon Overview and Level Annotations

Branches:
Dungeon (4/15)
 Temple: D:4-7

Altars:
Hepliaklqana
The Shining One


Innate Abilities, Weirdness & Mutations

Your plain brown scales are hard. (AC +5)
You cannot fit into any form of body armour.
You are cold-blooded and may be slowed by cold attacks.


Message History

Found 2 golden potions.
The centaur skeleton hits you.
* * * LOW HITPOINT WARNING * * *
Found a scroll labeled IXZAXU XYANARI.
A frilled lizard comes into view.
The frilled lizard hisses angrily.
The centaur skeleton barely misses you.
There is a stone staircase leading down here.
The centaur skeleton closely misses you.
The centaur skeleton hits you but does no damage.
The centaur skeleton hits you but does no damage.
The centaur skeleton closely misses you.
The centaur skeleton hits you but does no damage.
The centaur skeleton hits you.
* * * LOW HITPOINT WARNING * * *
The centaur skeleton hits you but does no damage.
The centaur skeleton hits you.
* * * LOW HITPOINT WARNING * * *
The centaur skeleton hits you.
You die...

#.#### ...... ...
......
....########....##
...............(..#
...........(......#
...................# ..
......?....@......#
..............Z...#####
.....#.#..........#
.....#.#....O(....#
.......$..........# .
............#####.# ..
........l..## #.# .?.
#.#........# #.# ....
#......#.## #.# ....o


You could see an ogre, a frilled lizard and a centaur skeleton.

Vanquished Creatures
  A scorpion (D:4)
  Terence (D:2)
  7 adders
  An adder skeleton (D:4)
  3 dart slugs
  A leopard gecko (D:3)
  6 orcs
  5 giant cockroaches
  14 goblins
  8 hobgoblins
  2 jackals (D:1)
  8 kobolds
  A quokka (D:3)
  6 bats
  4 frilled lizards
  6 rats
74 creatures vanquished.

Notes
Turn   | Place    | Note
-------+----------+-------------------------------------------
     0 | D:1      | Ghost621 the Draconian Transmuter began the quest for the
                  | Orb.
     0 | D:1      | Reached XP level 1. HP: 16/16 MP: 3/3
   168 | D:1      | Reached XP level 2. HP: 19/23 MP: 5/5
   172 | D:1      | Learned a level 2 spell: Sticks to Snakes
   634 | D:1      | Reached XP level 3. HP: 24/29 MP: 6/6
   639 | D:1      | Learned a level 3 spell: Spider Form
  1158 | D:2      | Noticed Terence
  1167 | D:2      | Killed Terence
  1238 | D:2      | Reached XP level 4. HP: 25/36 MP: 7/7
  1339 | D:2      | Found a glowing golden altar of the Shining One.
  1673 | D:2      | Reached skill level 4 in Unarmed Combat
  2256 | D:3      | Reached XP level 5. HP: 42/42 MP: 9/9
  2459 | D:3      | Found a hazy altar of Hepliaklqana.
  3098 | D:4      | Noticed an ogre
  3160 | D:4      | HP: 1/44 [centaur skeleton (6)]
  3164 | D:4      | Slain by a centaur skeleton

Vault maps used:
D:1:      elethiomel_arrival_shortcut
D:2:      nicolae_tso_carved_into_rock, uniq_terence
D:3:      nicolae_overflow_crystal_walls, moated_statue
D:4:      kennysheep_mini_moat, serial_shops, nicolae_shop_trees, first_ration

Skill      XL: |  1  2  3  4  5 |
---------------+----------------+-----
Fighting       | 2 |  2.9
Unarmed Combat | 4 |  4.6
Transmutations | 3 |  3.1
Dodging        | |  1.7
Spellcasting   | |  2.9

Action                   |  1- 3 |  4- 6 || total
-------------------------+-------+-------++-------
Melee: Unarmed           |   120 |   153 ||   273
       Tailslap          |     8 |    15 ||    23
       Punch             |     3 |     1 ||     4
 Cast: Spider Form       |     1 |     2 ||     3
       Sticks to Snakes  |       |     3 ||     3
 Stab: Sleeping          |       |     1 ||     1
  Eat: Ration            |     1 |     1 ||     2
Armor: Skin              |    31 |    49 ||    80
Dodge: Dodged            |    63 |   104 ||   167

Table legend:
 A = Non-vault XP
 B = Vault XP
 C = Vault XP percentage of total XP
 D = Non-vault monster count
 E = Vault monster count
 F = Vault count percentage of total count
                 A         B        C        D         E       F
            +---------+---------+-------+---------+---------+-------
      Total |     275 |      36 |  11.6 |      73 |       1 |   1.4
            +---------+---------+-------+---------+---------+-------
        D:1 |      49 |       0 |   0.0 |      29 |       0 |   0.0
        D:2 |      41 |      36 |  46.8 |      11 |       1 |   8.3
        D:3 |      95 |       0 |   0.0 |      27 |       0 |   0.0
        D:4 |      90 |       0 |   0.0 |       6 |       0 |   0.0
            +---------+---------+-------+---------+---------+-------
